 Dungeon Crawl Stone Soup version 0.29.1-12-g30fa7ad0bf (webtiles) character file.

Game seed: 9628098377633294621

29 moxian the Chiller (level 3, -1/26 HPs)
             Began as a Ghoul Ice Elementalist on Dec 13, 2022.
             Slain by Crazy Yiuf
             ... wielding a +3 quarterstaff of chaos
              (5 damage)
             ... on level 2 of the Dungeon.
             The game lasted 00:04:32 (1384 turns).

moxian the Chiller (Ghoul Ice Elementalist)         Turns: 1384, Time: 00:04:32

Health: -1/26      AC:  8    Str: 17    XL:     3   Next: 16%
Magic:  0/5        EV: 12    Int: 10    God:
Gold:   43         SH:  0    Dex: 11    Spells: 2/6 levels left

rFire   x . .      SeeInvis .   (no weapon)
rCold   + + .      Faith    .   (no shield)
rNeg    + + +      Spirit   .   a - +0 robe
rPois   ∞          Reflect  .   (no helmet)
rElec   .          Harm     .   (no cloak)
rCorr   .          Rampage  .   (no gloves)
Will    .....                   (no boots)
Stlth   ++........              f - amulet of the acrobat
HPRegen 0.00/turn               l - ring of ice
MPRegen 0.09/turn               g - +6 ring of strength

@: ice-armoured, inhibited regen
A: claws 1, cold resistance 1, negative energy resistance 3, inhibited
regeneration, torment resistance 2, devour on kill
a: no special abilities


You were on level 2 of the Dungeon.
You visited 1 branch of the dungeon, and saw 2 of its levels.

You collected 43 gold pieces.

Inventory:

Missiles
 i - 4 poisoned darts
Armour
 a - a +0 robe (worn)
Jewellery
 f - an amulet of the acrobat (around neck)
 g - a +6 ring of strength (right claw)
 l - a ring of ice (left claw)
Scrolls
 c - a scroll of vulnerability {unknown}
 e - a scroll of identify {unknown}
 j - 3 scrolls of amnesia {unknown}
 k - a scroll of summoning {unknown}
Potions
 b - a potion of magic
 d - a potion of invisibility {unknown}
 h - a potion of heal wounds {unknown}


   Skills:
 + Level 2.0 Dodging
 + Level 2.5 Stealth
 + Level 0.1 Unarmed Combat
 + Level 2.0 Spellcasting
 * Level 5.0 Ice Magic


You had 2 spell levels left.
You knew the following spells:

 Your Spells              Type           Power      Damage    Failure   Level
a - Freeze                Ice            64%        1d8       3%          1
b - Ozocubu's Armour      Ice            16%        N/A       12%         3

Your spell library contained the following spells:

 Spells                   Type           Power      Damage    Failure   Level
 Frozen Ramparts          Ice            32%        1d5       12%         3
 Hailstorm                Conj/Ice       9%         3d4       73%         4


Dungeon Overview and Level Annotations

Branches:
Dungeon (2/15)

Altars:
Qazlal

Annotations:
D:2 Crazy Yiuf


Innate Abilities, Weirdness & Mutations

You are immune to poison.
You have sharp fingernails.
Your flesh is cold resistant. (rC+)
You are immune to negative energy. (rN+++)
You do not regenerate when monsters are visible.
You are immune to unholy pain and torment.
You thrive by killing the living.


Message History

Confirm with . or Enter, or press ? or * to list all spells.
The spell is quite dangerous to miscast (12% risk of failure)!
Continue anyway?
You feel a surge of power! A film of ice covers your body!
Crazy Yiuf cries, "Whiteboard!
Leather leg forty-two."
You open the door.
You scratch Crazy Yiuf but do no damage.
Crazy Yiuf says, "Lugonu hand mobile!"
Crazy Yiuf hits you with a +3 quarterstaff of chaos.
Crazy Yiuf burns you. The heat melts your icy armour.
Casting: Ozocubu's Armour (quite dangerous; 12% risk of failure)
Confirm with . or Enter, or press ? or * to list all spells.
Aiming: Freeze (safe; 3% risk of failure)
Press: ? - help, Shift-Dir - straight line, f - Crazy Yiuf
Aim: Crazy Yiuf, wielding a +3 quarterstaff of chaos and wearing a +1 cloak You feel a surge of power!
You freeze Crazy Yiuf!
Crazy Yiuf is moderately wounded.
Crazy Yiuf whimpers, "Earwax koolooloo koolooloo!"
Crazy Yiuf hits you with a +3 quarterstaff of chaos!
You feel your power leaking away.
You barely miss Crazy Yiuf.
Crazy Yiuf is moderately wounded.
Crazy Yiuf grits, "Lay!
Lay eyeball illywillydillykilly."
Crazy Yiuf hits you but does no damage.
You closely miss Crazy Yiuf.
Crazy Yiuf is moderately wounded.
Crazy Yiuf misses you.
You scratch Crazy Yiuf but do no damage.
Crazy Yiuf is moderately wounded.
Crazy Yiuf hits you with a +3 quarterstaff of chaos!
* * * LOW HITPOINT WARNING * * *
Crazy Yiuf burns you.
* * * LOW HITPOINT WARNING * * *
The heat melts your icy armour.
You are too injured to fight recklessly!
Okay, then.
You scratch Crazy Yiuf but do no damage.
Crazy Yiuf is moderately wounded.
Crazy Yiuf hits you with a +3 quarterstaff of chaos.
You die...

........#
###....#
..........
##..##
.######.###
♣....♣ .#
.# ♣...♣♣
..... #
♣♣.♣♣ #..##
♣.♣♣ #..#
♣♣.♣ >.
♣.♣♣ # ♣♣@♣
#g# ...
#...# #..)#
#####


You could see Crazy Yiuf.

Vanquished Creatures
  An adder (D:2)
  A ball python (D:1)
  3 bats
  An endoplasm (D:1)
  A giant cockroach (D:2)
  2 goblins (D:1)
  3 hobgoblins (D:1)
  2 frilled lizards (D:1)
  2 kobolds
  2 rats (D:1)
18 creatures vanquished.

Notes
Turn   | Place    | Note
-------+----------+-------------------------------------------
     0 | D:1      | moxian the Ghoul Ice Elementalist began the quest for the
                  | Orb.
     0 | D:1      | Reached XP level 1. HP: 14/14 MP: 2/2
   291 | D:1      | Reached XP level 2. HP: 16/20 MP: 1/3
  1261 | D:2      | Reached skill level 5 in Ice Magic
  1261 | D:2      | Reached XP level 3. HP: 21/26 MP: 0/5
  1271 | D:2      | Learned a level 3 spell: Ozocubu's Armour
  1342 | D:2      | Found a stormy altar of Qazlal.
  1373 | D:2      | Found a runed translucent door.
  1374 | D:2      | Noticed Crazy Yiuf
  1384 | D:2      | Slain by Crazy Yiuf

Illustrated notes

Levels and vault maps discovered:
D:1:      spicycebolla_arrival_transporter_tutorial, layout_basic,
          chequers_decorated_corner, skrybe_limestone_x, minmay_splitting_lines
D:2:      layout_basic, basic_altar, uniq_natasha, uniq_crazy_yiuf_cottage

Skill      XL: |  1  2  3 |
---------------+----------+-----
Spellcasting   | 2 |  2.0
Ice Magic      | 5 |  5.0
Dodging        | 2 |  2.0
Stealth        | |  2.5
Unarmed Combat | |  0.1

Action                   || total
-------------------------++-------
Melee: Unarmed           ||    41
       Punch             ||     1
 Cast: Freeze            ||    18
       Ozocubu's Armour  ||     1
 Stab: Sleeping          ||     1
Armor: Robe              ||     9
Dodge: Dodged            ||    53
